3L
CAPITAL DISTRICT RED KNIGHTS @ CHICAGO HAWKS
09/24/2019
 
TOP OF THE 1ST
Capital District Red Knights batting - Pitching for Chicago Hawks : RHP Seth Rice
Pitching: RHP Seth Rice
Batting: LHB Arturo Hernández 0-0: SINGLE (Line Drive, 6D)
Batting: RHB David Edwards 0-0: Ball
Arturo Hernández steals 2nd base
1-0: Foul Ball, location: 2F
1-1: Swinging Strike
1-2: Ground out 1-3 (Groundball, 13S)
Arturo Hernández to third
Batting: RHB Chang-bum Pak 0-0: Ball
1-0: Foul Ball, location: 2F
1-1: Fly out, F8 (Flyball, 89D)
Runner from 3rd tags up, SCORES, no throw
Batting: LHB Jeff Walsh 0-0: Called Strike
0-1: Swinging Strike
0-2: Strikes out looking
Top of the 1st over - 1 run(s), 1 hit(s), 0 error(s), 0 left on base; Capital District 1 - Chicago 0
BOTTOM OF THE 1ST
Chicago Hawks batting - Pitching for Capital District Red Knights : RHP John Alvarado
Pitching: RHP John Alvarado
Batting: LHB Jeff Conklin 0-0: Fly out, F6 (Popup, 6D)
Batting: LHB Paul Wilson 0-0: Called Strike
0-1: Swinging Strike
0-2: Fly out, F7 (Flyball, 7LS)
Batting: LHB Mal Wadley 0-0: Ball
1-0: SINGLE (Groundball, 34)
Batting: RHB Bryan Manning 0-0: Called Strike
0-1: Ball
Mal Wadley is caught stealing 2nd base
Bottom of the 1st over - 0 run(s), 1 hit(s), 0 error(s), 0 left on base; Capital District 1 - Chicago 0
TOP OF THE 2ND
Capital District Red Knights batting - Pitching for Chicago Hawks : RHP Seth Rice
Batting: RHB Jian-zhang Phan 0-0: Foul Ball, location: 2F
0-1: Ball
1-1: Foul Ball, location: 2F
1-2: SINGLE (Groundball, 6MD)
Batting: RHB Guillermo Montoya 0-0: Called Strike
0-1: Foul Ball, location: 2F
0-2: Ball
1-2: Foul Ball, location: 2F
1-2: Fielders Choice at 2nd, 6-4 (Groundball, 6)
Batting: LHB Barton McCann 0-0: Swinging Strike
0-1: Foul Ball, location: 2F
0-2: Ball
1-2: Ball
2-2: Fly out, F5 (Popup, 5F)
Batting: RHB Manny Carbajal 0-0: Ball
1-0: Called Strike
1-1: SINGLE (Groundball, 34D)
Guillermo Montoya to second
Runner from 2nd tries for 3rd, SAFE, no throw or cutoff
Batting: RHB John Alvarado 0-0: Ball
1-0: Ball
2-0: Called Strike
2-1: DOUBLE (Flyball, 78D)
Guillermo Montoya scores
Manny Carbajal to third
Runner from 3rd tries for Home, SAFE, no throw or cutoff
Batting: LHB Arturo Hernández 0-0: DOUBLE (Line Drive, 9LM)
John Alvarado scores
Batting: RHB David Edwards 0-0: Ball
1-0: Called Strike
1-1: Foul Ball, location: 2F
1-2: Strikes out looking
Top of the 2nd over - 3 run(s), 4 hit(s), 0 error(s), 1 left on base; Capital District 4 - Chicago 0
BOTTOM OF THE 2ND
Chicago Hawks batting - Pitching for Capital District Red Knights : RHP John Alvarado
Batting: RHB Bryan Manning 0-0: Foul Ball, location: 2F
0-1: Foul Ball, location: 2F
0-2: Ball
1-2: Strikes out swinging
Batting: LHB Bobby Moore 0-0: Called Strike
0-1: Swinging Strike
0-2: Strikes out swinging
Batting: RHB Cliff Dixon 0-0: Called Strike
0-1: Foul Ball, location: 2F
0-2: Ball
1-2: Strikes out swinging
Bottom of the 2nd over - 0 run(s), 0 hit(s), 0 error(s), 0 left on base; Capital District 4 - Chicago 0
TOP OF THE 3RD
Capital District Red Knights batting - Pitching for Chicago Hawks : RHP Seth Rice
Batting: RHB Chang-bum Pak 0-0: Called Strike
0-1: Ball
1-1: Ground out 5-3 (Groundball, 56S)
Batting: LHB Jeff Walsh 0-0: Ball
1-0: Ball
2-0: Ball
3-0: Base on Balls
Batting: RHB Jian-zhang Phan 0-0: Called Strike
0-1: Ball
1-1: Ball
2-1: Grounds into double play, 6-4-3 (Groundball, 6M)
Top of the 3rd over - 0 run(s), 0 hit(s), 0 error(s), 0 left on base; Capital District 4 - Chicago 0
BOTTOM OF THE 3RD
Chicago Hawks batting - Pitching for Capital District Red Knights : RHP John Alvarado
Batting: RHB Ed Whitaker 0-0: Ball
1-0: Ball
2-0: Called Strike
2-1: SINGLE (Groundball, 56)
Batting: RHB Mitch Jensen 0-0: Called Strike
0-1: Called Strike
0-2: Ball
1-2: Hit by Pitch
Ed Whitaker to second
Pinch Hitting: RHB Francisco González 0-0: Ball
1-0: Ball
2-0: Swinging Strike
2-1: Ball
3-1: Base on Balls
Ed Whitaker to third
Mitch Jensen to second
Batting: LHB Jeff Conklin 0-0: Ball
1-0: Fly out, F8 (Flyball, 8RXD)
Runner from 3rd tags up, SCORES, no throw
Batting: LHB Paul Wilson 0-0: Called Strike
0-1: Foul Ball, location: 2F
0-2: Ball
1-2: Foul Ball, location: 2F
1-2: Grounds into double play, 6-4-3 (Groundball, 6)
Bottom of the 3rd over - 1 run(s), 1 hit(s), 0 error(s), 1 left on base; Capital District 4 - Chicago 1
TOP OF THE 4TH
Capital District Red Knights batting - Pitching for Chicago Hawks : RHP Seth Rice
Pitching: RHP José Lozano
Batting: RHB Guillermo Montoya 0-0: Called Strike
0-1: Foul Ball, location: 2F
0-2: Ball
1-2: Foul Ball, location: 2F
1-2: Ball
2-2: Ball
3-2: Strikes out swinging
Batting: LHB Barton McCann 0-0: Ball
1-0: Called Strike
1-1: SINGLE (Flyball, 8LS)
Batting: RHB Manny Carbajal 0-0: Called Strike
0-1: Foul Ball, location: 2F
0-2: Strikes out swinging
Batting: RHB John Alvarado 0-0: Called Strike
0-1: Swinging Strike
0-2: Ball
1-2: Fly out, F6 (Popup, 6S)
Top of the 4th over - 0 run(s), 1 hit(s), 0 error(s), 1 left on base; Capital District 4 - Chicago 1
BOTTOM OF THE 4TH
Chicago Hawks batting - Pitching for Capital District Red Knights : RHP John Alvarado
Batting: LHB Mal Wadley 0-0: Ball
1-0: Called Strike
1-1: Ball
2-1: Called Strike
2-2: Ground out 3-1 (Groundball, 34)
Batting: RHB Bryan Manning 0-0: Called Strike
0-1: Ball
1-1: Foul Ball, location: 2F
1-2: Ball
2-2: Foul Ball, location: 2F
2-2: SOLO HOME RUN (Flyball, 78XD), Distance : 373 ft
Batting: LHB Bobby Moore 0-0: Called Strike
0-1: Ball
1-1: Called Strike
1-2: SINGLE (Line Drive, 3D)
Batting: RHB Cliff Dixon 0-0: Called Strike
0-1: Ball
1-1: SINGLE (Line Drive, 7LS)
Bobby Moore to second
Batting: RHB Ed Whitaker 0-0: Called Strike
0-1: Ball
1-1: Fly out, F7 (Flyball, 78D)
Batting: RHB Mitch Jensen 0-0: Ball
1-0: Ball
2-0: Ball
3-0: Called Strike
3-1: Called Strike
3-2: Ground out 6-3 (Groundball, 6)
Bottom of the 4th over - 1 run(s), 3 hit(s), 0 error(s), 2 left on base; Capital District 4 - Chicago 2
TOP OF THE 5TH
Capital District Red Knights batting - Pitching for Chicago Hawks : RHP José Lozano
Batting: LHB Arturo Hernández 0-0: Called Strike
0-1: Ball
1-1: Ball
2-1: Foul Ball, location: 2F
2-2: Strikes out swinging
Batting: RHB David Edwards 0-0: Ball
1-0: Foul Ball, location: 2F
1-1: Ball
2-1: Foul Ball, location: 2F
2-2: Foul Ball, location: 2F
2-2: Strikes out looking
Batting: RHB Chang-bum Pak 0-0: Called Strike
0-1: SINGLE (Groundball, 56D)
Batting: LHB Jeff Walsh 0-0: Ball
1-0: Ball
Chang-bum Pak steals 2nd base
2-0: Foul Ball, location: 2F
2-1: Foul Ball, location: 2F
2-2: Ball
3-2: Base on Balls
Batting: RHB Jian-zhang Phan 0-0: Foul Ball, location: 2F
0-1: Ball
1-1: Ground out 5-3 (Groundball, 5L)
Top of the 5th over - 0 run(s), 1 hit(s), 0 error(s), 2 left on base; Capital District 4 - Chicago 2
BOTTOM OF THE 5TH
Chicago Hawks batting - Pitching for Capital District Red Knights : RHP John Alvarado
Batting: RHB José Lozano 0-0: Ball
1-0: Ball
2-0: Fly out, F9 (Flyball, 9S)
Batting: LHB Jeff Conklin 0-0: Ball
1-0: Called Strike
1-1: SOLO HOME RUN (Flyball, 9LD), Distance : 328 ft
Batting: LHB Paul Wilson 0-0: Ball
1-0: Called Strike
1-1: Fly out, F9 (Line Drive, 9M)
Batting: LHB Mal Wadley 0-0: Ball
1-0: Ground out 4-3 (Groundball, 4)
Bottom of the 5th over - 1 run(s), 1 hit(s), 0 error(s), 0 left on base; Capital District 4 - Chicago 3
TOP OF THE 6TH
Capital District Red Knights batting - Pitching for Chicago Hawks : RHP José Lozano
Batting: RHB Guillermo Montoya 0-0: Called Strike
0-1: Foul Ball, location: 2F
0-2: Ball
1-2: Ball
2-2: Ball
3-2: Foul Ball, location: 2F
3-2: Foul Ball, location: 2F
3-2: Base on Balls
Batting: LHB Barton McCann 0-0: Called Strike
Pickoff Throw by Catcher to First - Error! E2
Guillermo Montoya to second
0-1: Foul Ball, location: 2F
0-2: Ball
1-2: Ball
2-2: Ball
3-2: Intentional Walk
Batting: RHB Manny Carbajal 0-0: Ball
1-0: Called Strike
1-1: Ball
2-1: Called Strike
2-2: Ball
3-2: Foul Ball, location: 2F
3-2: Fly out, F8 (Flyball, 8RM)
Pitching: RHP Jesús González
Batting: RHB John Alvarado 0-0: Ball
1-0: Bunt missed!
1-1: Bunted foul
1-2: Sac Bunt - play at first, batter OUT! 5-4
Guillermo Montoya to third
Barton McCann to second
Batting: LHB Arturo Hernández 0-0: Called Strike
0-1: Fly out, F5 (Popup, 5SF)
Top of the 6th over - 0 run(s), 0 hit(s), 1 error(s), 2 left on base; Capital District 4 - Chicago 3
BOTTOM OF THE 6TH
Chicago Hawks batting - Pitching for Capital District Red Knights : RHP John Alvarado
Batting: RHB Bryan Manning 0-0: Ball
1-0: Called Strike
1-1: Ball
2-1: Ball
3-1: Fly out, F8 (Flyball, 8LM)
Batting: LHB Bobby Moore 0-0: Called Strike
0-1: Ground out U3 (Groundball, 3L)
Batting: RHB Cliff Dixon 0-0: Foul Ball, location: 2F
0-1: Ball
1-1: Foul Ball, location: 2F
1-2: Fly out, F7 (Line Drive, 7D)
Bottom of the 6th over - 0 run(s), 0 hit(s), 0 error(s), 0 left on base; Capital District 4 - Chicago 3
TOP OF THE 7TH
Capital District Red Knights batting - Pitching for Chicago Hawks : RHP Jesús González
Batting: RHB David Edwards 0-0: Ball
1-0: Ball
2-0: Called Strike
2-1: Called Strike
2-2: Ball
3-2: Strikes out looking
Batting: RHB Chang-bum Pak 0-0: Ball
1-0: Ball
2-0: Called Strike
2-1: Ground out 6-3 (Groundball, 56)
Batting: LHB Jeff Walsh 0-0: Ball
1-0: Foul Ball, location: 2F
1-1: Hit by Pitch
Batting: RHB Jian-zhang Phan 0-0: Ball
1-0: Ball
2-0: SINGLE (Flyball, 89S)
Jeff Walsh to second
Runner from 2nd tries for 3rd, SAFE, throw made to third
Batting: RHB Guillermo Montoya 0-0: Called Strike
0-1: Fielders Choice at 2nd, U4 (Groundball, 4M)
Top of the 7th over - 0 run(s), 1 hit(s), 0 error(s), 2 left on base; Capital District 4 - Chicago 3
BOTTOM OF THE 7TH
Chicago Hawks batting - Pitching for Capital District Red Knights : RHP John Alvarado
Batting: RHB Ed Whitaker 0-0: Swinging Strike
0-1: Ball
1-1: Fly out, F5 (Popup, 5F)
Batting: RHB Mitch Jensen 0-0: Ball
1-0: Called Strike
1-1: Ball
2-1: Ball
3-1: Swinging Strike
3-2: Base on Balls
Pinch Hitting: LHB Bill Griffin 0-0: Ball
1-0: Ball
2-0: Foul Ball, location: 2F
2-1: Swinging Strike
2-2: Grounds into double play, 6-4-3 (Groundball, 6)
Bottom of the 7th over - 0 run(s), 0 hit(s), 0 error(s), 0 left on base; Capital District 4 - Chicago 3
TOP OF THE 8TH
Capital District Red Knights batting - Pitching for Chicago Hawks : RHP Jesús González
Pitching: LHP Tim Powell
Batting: LHB Barton McCann 0-0: Swinging Strike
0-1: Fly out, F5 (Popup, 5F)
Batting: RHB Manny Carbajal 0-0: Foul Ball, location: 2F
0-1: Ball
1-1: SINGLE (Line Drive, 7S)
Pinch Hitting: RHB Cullen Spencer 0-0: Ball
1-0: Ball
2-0: Swinging Strike
2-1: Grounds into double play, 6-4-3 (Groundball, 6M)
Top of the 8th over - 0 run(s), 1 hit(s), 0 error(s), 0 left on base; Capital District 4 - Chicago 3
BOTTOM OF THE 8TH
Chicago Hawks batting - Pitching for Capital District Red Knights : RHP John Alvarado
Pitching: RHP Roberto Pérez
Now at C: Jesús Castro
Batting: LHB Jeff Conklin 0-0: Swinging Strike
0-1: Called Strike
0-2: Foul Ball, location: 2F
0-2: Strikes out swinging
Pitching: RHP Iván Ledesma Jr.
Batting: LHB Paul Wilson 0-0: Ball
1-0: SINGLE (Line Drive, 7S)
Pitching: LHP Alexis Weaver
Batting: LHB Mal Wadley 0-0: Ball
1-0: Called Strike
1-1: Grounds into double play, 4-6-3 (Groundball, 4)
Bottom of the 8th over - 0 run(s), 1 hit(s), 0 error(s), 0 left on base; Capital District 4 - Chicago 3
TOP OF THE 9TH
Capital District Red Knights batting - Pitching for Chicago Hawks : LHP Tim Powell
Batting: LHB Arturo Hernández 0-0: Foul Ball, location: 2F
0-1: Foul Ball, location: 2F
0-2: Ball
1-2: Ball
2-2: Foul Ball, location: 2F
2-2: Reached on error, E3 (Groundball, 3S)
Batting: RHB David Edwards 0-0: Called Strike
0-1: Foul Ball, location: 2F
0-2: Ball
1-2: Ball
2-2: Ball
Arturo Hernández steals 2nd base
3-2: DOUBLE (Flyball, 9D)
Arturo Hernández scores
Pinch Runner at 2nd Mark Field:
Batting: RHB Chang-bum Pak 0-0: Intentional Walk
Batting: LHB Jeff Walsh 0-0: Called Strike
0-1: Ball
1-1: Ball
2-1: Foul Ball, location: 2F
2-2: Foul Ball, location: 2F
2-2: Ball
3-2: SINGLE (Groundball, 56D)
Mark Field to third
Chang-bum Pak to second
Mark Field scores
Chang-bum Pak to third
Batting: RHB Jesús Castro 0-0: Foul Ball, location: 2F
0-1: Swinging Strike
0-2: Foul Ball, location: 2F
0-2: Foul Ball, location: 2F
0-2: Foul Ball, location: 2F
0-2: Ball
1-2: Fly out, F9 (Flyball, 89M)
Runner from 3rd tags up, SCORES, no throw
Pitching: RHP Brent Riley
Batting: RHB Guillermo Montoya 0-0: Called Strike
0-1: Swinging Strike
0-2: Grounds into double play, 4-6-3 (Groundball, 4)
Top of the 9th over - 3 run(s), 2 hit(s), 1 error(s), 0 left on base; Capital District 7 - Chicago 3
BOTTOM OF THE 9TH
Chicago Hawks batting - Pitching for Capital District Red Knights : LHP Alexis Weaver
Now at 2B: Mark Field
Batting: RHB Bryan Manning 0-0: Ball
1-0: Ball
2-0: Foul Ball, location: 2F
2-1: Foul Ball, location: 2F
2-2: Ball
3-2: Base on Balls
Batting: LHB Bobby Moore 0-0: Swinging Strike
0-1: Called Strike
0-2: Strikes out swinging
Batting: RHB Cliff Dixon 0-0: Swinging Strike
0-1: Called Strike
0-2: Ball
1-2: Ball
2-2: Foul Ball, location: 2F
2-2: Ball
3-2: Base on Balls
Bryan Manning to second
Pitching: RHP Armando Martínez
Batting: RHB Ed Whitaker 0-0: Called Strike
0-1: Ball
1-1: Called Strike
1-2: Ball
2-2: Ball
3-2: Strikes out swinging
Batting: RHB Mitch Jensen 0-0: Called Strike
0-1: Called Strike
0-2: Strikes out looking
Bottom of the 9th over - 0 run(s), 0 hit(s), 0 error(s), 2 left on base; Capital District 7 - Chicago 3
This league is powered by Out of the Park Baseball, the baseball management simulation game for PC, Mac and Linux
Saturday, July 25th, 2015 - OOTP Baseball 15.6 Build 34